 Dungeon Crawl Stone Soup version 0.25.1-8-g42b30a86e7 (webtiles) character file.

Game seed: 123133070565559921

234 Gabide the Cudgeler (level 6, -9/48 HPs)
             Began as a Human Abyssal Knight on Dec 1, 2020.
             Was a Believer of Lugonu.
             Shot with an arrow by a centaur (12 damage)
             ... on level 5 of the Dungeon.
             The game lasted 00:07:41 (4040 turns).

Gabide the Cudgeler (Human Abyssal Knight)          Turns: 4040, Time: 00:07:42

Health: -9/48      AC:  9    Str: 14    XL:     6   Next: 26%
Magic:  16/16      EV: 10    Int: 13    God:    Lugonu [**....]
Gold:   216        SH:  0    Dex: 12    Spells: 5/5 levels left

rFire    . . .     SeeInvis .   r - +1 war axe
rCold    . . .     Gourm    .   (no shield)
rNeg     . . .     Faith    .   e - +1 scale mail
rPois    .         Spirit   .   (no helmet)
rElec    .         Reflect  .   (no cloak)
rCorr    .         Harm     .   k - +0 pair of gloves
MR       .....                  (no boots)
Stlth    ..........             (no amulet)
HPRegen  0.16/turn              w - ring of magical power
MPRegen  0.15/turn              (no ring)

@: very slightly contaminated, invisible
A: no striking features
a: Depart the Abyss, Bend Space, Renounce Religion


You were on level 5 of the Dungeon.
You worshipped Lugonu.
Lugonu was pleased with you.
You were not hungry.

You visited 1 branch of the dungeon, and saw 5 of its levels.
You visited the Abyss 1 time.

You collected 216 gold pieces.

Inventory:

Hand Weapons
 a - a +1 mace
 r - a +1 war axe (weapon)
 x - a +1 spear of distortion
Missiles
 o - 33 poisoned darts
 t - 4 javelins (quivered)
Armour
 e - a +1 scale mail (worn)
 k - a +0 pair of gloves (worn)
 n - a +0 plate armour
Jewellery
 w - a ring of magical power (left hand)
Wands
 s - a wand of flame (20)
Scrolls
 b - 2 scrolls of teleportation
 d - a scroll of remove curse
 g - 3 scrolls of blinking
 u - a scroll of identify
Potions
 f - 2 potions of stabbing {unknown}
 h - a potion of flight {unknown}
 i - 2 potions of heal wounds {unknown}
 j - a potion of curing {unknown}
 l - a potion of haste {unknown}
 m - a potion of brilliance {unknown}
 p - a potion of invisibility
 q - a potion of magic {unknown}
 v - a potion of resistance {unknown}
Comestibles
 c - 7 rations
 z - 2 chunks of flesh


   Skills:
 + Level 3.7 Fighting
 * Level 1.6(3.0) Axes
 - Level 3.8(4.1) Maces & Flails
 + Level 3.2 Armour
 * Level 2.4 Dodging
 + Level 2.0 Invocations


You had 5 spell levels left.
You didn't know any spells.
Your spell library was empty.

Dungeon Overview and Level Annotations

Branches:
Dungeon (5/15)             Temple (0/1) D:5

Altars:
Cheibriados
Elyvilon
Gozag
Nemelex Xobeh
Ru
Vehumet

Shops:
D:5 :


Message History

The centaur shoots an arrow.
The arrow hits you!
* * * LOW HITPOINT WARNING * * *
Throwing (i - inventory. (/) - cycle)
t - 6 javelins (quivered)
Press: ? - help, Shift-Dir - straight line, f/p - centaur
Aim: a centaur, wielding a +0 shortbow and quivering 24 arrows (severely wounded)
You throw a javelin. The javelin barely misses the centaur.
You feel sick.
You are no longer poisoned.
The centaur shoots an arrow.
The arrow hits you.
* * * LOW HITPOINT WARNING * * *
Throwing (i - inventory. (/) - cycle)
t - 5 javelins (quivered)
Press: ? - help, Shift-Dir - straight line, f/p - centaur
Aim: a centaur, wielding a +0 shortbow and quivering 23 arrows (severely wounded)
You throw a javelin.
The javelin pierces through the centaur.
The centaur is almost dead.
The centaur shoots an arrow.
The arrow hits you.
* * * LOW HITPOINT WARNING * * *
Okay, then.
You fail to use your ability.
The centaur shoots an arrow.
The arrow hits you!
You die...

#......###...# #
#.....รท.....# #
##.##.###..## # ##
######.........# #
....####..............#
#
..?.......#######.######
.....###..# #.#
.?...###5(#######..
#.(....c.@..=....#
.......!##########.#
###.#.#.. .# # #...##
#####


You could see a centaur and a crimson imp.

Vanquished Creatures
  A crimson imp (D:5)
  A hound (D:3)
  A worker ant (D:4)
  Robin (D:2)
  A howler monkey skeleton (D:5)
  4 adders
  A shadow imp (D:5)
  An ooze (D:1)
  An adder skeleton (D:4)
  A worm (D:2)
  2 dart slugs
  4 leopard geckos
  An orc (D:3)
  2 giant cockroaches
  10 goblins
  9 hobgoblins
  6 jackals
  7 kobolds
  A ball python (D:3)
  4 bats
  2 frilled lizards
  7 rats
68 creatures vanquished.

Notes
Turn   | Place    | Note
-------+----------+-------------------------------------------
     0 | Abyss:1  | Gabide the Human Abyssal Knight began the quest for the
                  | Orb.
     0 | Abyss:1  | Reached XP level 1. HP: 18/18 MP: 2/2
     0 | Abyss:1  | Found a corrupted altar of Lugonu.
    38 | Abyss:1  | Noticed a white very ugly thing
    39 | D:1      | Escaped the Abyss
   119 | D:1      | Reached XP level 2. HP: 13/24 MP: 3/3
   378 | D:1      | Reached * piety under Lugonu
   511 | D:1      | Reached XP level 3. HP: 28/29 MP: 4/4
  1491 | D:2      | Reached XP level 4. HP: 23/35 MP: 5/5
  1816 | D:2      | Noticed Robin
  1819 | D:2      | Killed Robin
  1851 | D:2      | Found a faded altar of an unknown god.
  2208 | D:3      | Reached XP level 5. HP: 22/41 MP: 6/6
  2510 | D:3      | Found a sparkling altar of Nemelex Xobeh.
  2652 | D:3      | Found an opulent altar of Gozag.
  2877 | D:3      | Found a radiant altar of Vehumet.
  2878 | D:3      | Found a snail-covered altar of Cheibriados.
  2879 | D:3      | Found a white marble altar of Elyvilon.
  2966 | D:3      | Found a sacrificial altar of Ru.
  3207 | D:4      | Reached ** piety under Lugonu
  3737 | D:5      | Entered Level 5 of the Dungeon
  3865 | D:5      | Reached skill level 1 in Axes
  3865 | D:5      | Reached XP level 6. HP: 35/48 MP: 7/7
  3952 | D:5      | Found a staircase to the Ecumenical Temple.
  3971 | D:5      | Found Muumoib's Book Shop.
  4040 | D:5      | Shot with an arrow by a centaur

Illustrated notes

Levels and vault maps discovered:
D:1:      nagdon_arrival_zigzag_paths, layout_basic, glass_columns_a
D:2:      layout_loops_ring, chequers_ecumenical_altar_twisty, uniq_robin
D:3:      layout_loops_ring, old_standard_altar, nicolae_overflow_hidden_temple,
          nicolae_overflow_crystal_walls,
          chequers_temple_overflow_statue_of_worship
D:4:      layout_loops_cross, lemuel_coloured_pillars_altar, first_ration
D:5:      layout_loops_ring, minmay_temple_entry_trees, serial_shops,
          nicolae_shop_trees

Skill      XL: |  1  2  3  4  5 |
---------------+----------------+-----
Maces & Flails | 3 |  3.8
Dodging        | 2 |  2.4
Armour         | 3 |  3.2
Axes           | 1 |  1.6
Fighting       | |  3.7
Invocations    | |  2.0

Action                   |  1- 3 |  4- 6 || total
-------------------------+-------+-------++-------
Melee: Mace              |   118 |    81 ||   199
       War axe           |       |    46 ||    46
Throw: Throwing net      |     1 |     1 ||     2
       Dart              |       |     8 ||     8
       Javelin           |       |     4 ||     4
Invok: Depart the Abyss  |     1 |       ||     1
  Use: Scroll            |     7 |     5 ||    12
       Potion            |       |     2 ||     2
 Stab: Invisible         |       |     2 ||     2
  Eat: Chunk             |     2 |     8 ||    10
Armor: Leather armour    |    43 |       ||    43
       Scale mail        |    15 |    72 ||    87
Dodge: Dodged            |    86 |    77 ||   163
